[Event "CZE-ch Youth G10-G12-G14 2022"]
[Site "Luhacovice"]
[Date "2022.03.13"]
[Round "2.23"]
[White "Mojzisova Barbora"]
[Black "Souralova, Alena"]
[Result "1-0"]
[ECO "C70"]
[WhiteElo "1089"]
[BlackElo "1010"]
[Annotator "NA"]
[PlyCount "91"]
[EventDate "2022.03.12"]
[EventType "swiss"]
[EventCountry "CZE"]
[SourceTitle "playchess.com"]
[Source "ChessBase"]
[SourceQuality "1"]
[TimeControl "40/5400+30:1800+30"]

1. e4 e5 2. Nf3 Nc6 3. Bb5 a6 4. Ba4 Bc5 5. Nxe5 Nxe5 6. d4 Bd6 7. dxe5 Bxe5 8. Nc3 Bxc3+ 9. bxc3 c6 10. Bb3 Nf6 11. Qf3 O-O 12. e5 Re8 13. Bf4 d6 14. h3 dxe5 15. Bg5 Be6 16. Bxf6 Qxf6 17. Qxf6 gxf6 18. O-O-O Bxb3 19. cxb3 Rad8 20. Rhe1 Rxd1+ 21. Rxd1 Kf8 22. Rd7 Re7 23. Rd8+ Kg7 24. Kd2 Kg6 25. Ke3 Kf5 26. g3 h5 27. Rd3 e4 28. Rd4 Re5 29. h4 Rd5 30. Rxe4 Re5 31. Rxe5+ fxe5 32. f3 f6 33. a3 b5 34. b4 Kg6 35. Kd3 Kf5 36. Ke3 Kg6 37. f4 exf4+ 38. gxf4 Kf5 39. Kf3 Ke6 40. Ke4 f5+ 41. Kd4 Kd6 42. c4 bxc4 43. Kxc4 Kc7 44. Kc5 Kb7 45. Kd6 Kb6 46. a4 1-0

[Event "CZE-ch Youth G10-G12-G14 2022"]
[Site "Luhacovice"]
[Date "2022.03.13"]
[Round "2.24"]
[White "Martinkova Klara"]
[Black "Rezacova Julie"]
[Result "1-0"]
[ECO "C55"]
[WhiteElo "1177"]
[BlackElo "1063"]
[Annotator "NA"]
[PlyCount "40"]
[EventDate "2022.03.12"]
[EventType "swiss"]
[EventCountry "CZE"]
[SourceTitle "playchess.com"]
[Source "ChessBase"]
[SourceQuality "1"]
[TimeControl "40/5400+30:1800+30"]

1. e4 e5 2. Nf3 Nc6 3. Bc4 Nf6 4. d3 Be7 5. Nc3 d6 6. h3 O-O 7. O-O Bd7 8. Be3 a6 9. d4 b5 10. Bd5 Nxd5 11. Nxd5 exd4 12. Nxd4 Bf6 13. c3 Nxd4 14. Bxd4 Be6 15. Nxf6+ gxf6 16. Qf3 c5 17. Bxf6 Qd7 18. Qf4 Rfd8 19. Qg5+ Kf8 20. Qg7+ Ke8 1-0

[Event "CZE-ch Youth G10-G12-G14 2022"]
[Site "Luhacovice"]
[Date "2022.03.13"]
[Round "2.25"]
[White "Kubatova Beta"]
[Black "Nova Anezka"]
[Result "1-0"]
[ECO "C45"]
[WhiteElo "1071"]
[BlackElo "1111"]
[Annotator "NA"]
[PlyCount "59"]
[EventDate "2022.03.12"]
[EventType "swiss"]
[EventCountry "CZE"]
[SourceTitle "playchess.com"]
[Source "ChessBase"]
[SourceQuality "1"]
[TimeControl "40/5400+30:1800+30"]

1. e4 e5 2. Nf3 Nc6 3. d4 exd4 4. Nxd4 Qh4 5. Nf3 Qxe4+ 6. Be3 d5 7. Bd3 Qb4+ 8. Nbd2 Qxb2 9. O-O b6 10. Re1 Be7 11. Nb3 Qa3 12. Nfd4 Qd6 13. Bb5 Bd7 14. Nxc6 Bxc6 15. Bxc6+ Qxc6 16. Nd4 Qb7 17. Bf4 O-O-O 18. Qg4+ Kb8 19. Nb5 Rc8 20. Rad1 Bf6 21. Qf3 Ne7 22. Be5 Bxe5 23. Rxe5 c6 24. Nd6 Qc7 25. Qxf7 Qxd6 26. Rxe7 Rcf8 27. Qxg7 Rhg8 28. Qxh7 Rh8 29. Rd7 Qf4 30. Rb7+ 1-0

[Event "CZE-ch Youth G10-G12-G14 2022"]
[Site "Luhacovice"]
[Date "2022.03.13"]
[Round "2.26"]
[White "Maresova Denisa"]
[Black "Archlebova Eva"]
[Result "1/2-1/2"]
[ECO "A25"]
[WhiteElo "1103"]
[BlackElo "1040"]
[Annotator "NA"]
[PlyCount "64"]
[EventDate "2022.03.12"]
[EventType "swiss"]
[EventCountry "CZE"]
[SourceTitle "playchess.com"]
[Source "ChessBase"]
[SourceQuality "1"]
[TimeControl "40/5400+30:1800+30"]

1. c4 e5 2. Nc3 Nf6 3. g3 Nc6 4. Bg2 Bc5 5. d3 Bb4 6. Qb3 a5 7. Bd2 Nd4 8. Qd1 O-O 9. Nf3 d5 10. cxd5 Nxd5 11. Nxe5 c6 12. Nxd5 cxd5 13. Bxb4 axb4 14. Rc1 Qd6 15. Nf3 Nxf3+ 16. Bxf3 Rxa2 17. Qb3 Ra5 18. O-O Bh3 19. Rfd1 h6 20. Ra1 Rb5 21. Qa4 Rb6 22. Qa5 Be6 23. e4 d4 24. e5 Qd8 25. Rdc1 Re8 26. Qa4 Bd7 27. Qa5 Ree6 28. Bxb7 Qb8 29. Bg2 Rxe5 30. Qa8 Qxa8 31. Rxa8+ Kh7 32. Ra7 Be8 1/2-1/2

[Event "CZE-ch Youth G10-G12-G14 2022"]
[Site "Luhacovice"]
[Date "2022.03.13"]
[Round "2.27"]
[White "Archlebova Iva"]
[Black "Krisicova Neli"]
[Result "0-1"]
[ECO "C62"]
[WhiteElo "1028"]
[BlackElo "1093"]
[Annotator "NA"]
[PlyCount "39"]
[EventDate "2022.03.12"]
[EventType "swiss"]
[EventCountry "CZE"]
[SourceTitle "playchess.com"]
[Source "ChessBase"]
[SourceQuality "1"]
[TimeControl "40/5400+30:1800+30"]

1. e4 e5 2. Nf3 Nc6 3. Bb5 d6 4. O-O Bg4 5. Nc3 Nge7 6. h3 Bh5 7. d3 Ng6 8. Be3 Nf4 9. Nd5 g5 10. d4 Bg7 11. g4 Nxh3+ 12. Kh2 Bxg4 13. Kg3 h5 14. Rh1 Qd7 15. Qd2 Bxf3 16. Bf1 Bxh1 17. Bxh3 Qd8 18. Rxh1 g4 19. Bf1 exd4 20. Bg5 0-1

[Event "CZE-ch Youth G10-G12-G14 2022"]
[Site "Luhacovice"]
[Date "2022.03.13"]
[Round "2.28"]
[White "Havelkova Kamila"]
[Black "Kavanova Valentyna"]
[Result "1-0"]
[ECO "C10"]
[WhiteElo "1092"]
[BlackElo "1000"]
[Annotator "NA"]
[PlyCount "64"]
[EventDate "2022.03.12"]
[EventType "swiss"]
[EventCountry "CZE"]
[SourceTitle "playchess.com"]
[Source "ChessBase"]
[SourceQuality "1"]
[TimeControl "40/5400+30:1800+30"]

1. e4 e6 2. d4 d5 3. Nc3 c5 4. Bd3 Nc6 5. Bb5 Bd7 6. Nf3 a6 7. Bd3 Be7 8. Be3 Nf6 9. Qd2 O-O 10. O-O-O h6 11. h4 b5 12. exd5 Nxd5 13. dxc5 Ncb4 14. Be4 Bc6 15. Bxh6 Nxc3 16. bxc3 Qxd2+ 17. Bxd2 Nxa2+ 18. Kb1 Nxc3+ 19. Bxc3 Bxe4 20. Ne1 Bxc5 21. Rg1 Bxf2 22. Rf1 Bxh4 23. Rf4 Bxe1 24. Rxe1 Bxg2 25. Rg4 Rfc8 26. Rxg7+ Kf8 27. Bb2 Bd5 28. Rh7 f5 29. Ba3+ Kg8 30. Rd7 Be4 31. Rg1+ Kh8 32. Bb2+ e5 1-0

[Event "CZE-ch Youth G10-G12-G14 2022"]
[Site "Luhacovice"]
[Date "2022.03.13"]
[Round "2.29"]
[White "Reznickova, Sibyla"]
[Black "Rybackova, Lucie"]
[Result "0-1"]
[ECO "D00"]
[WhiteElo "1304"]
[BlackElo "1612"]
[Annotator "NA"]
[PlyCount "88"]
[EventDate "2022.03.12"]
[EventType "swiss"]
[EventCountry "CZE"]
[SourceTitle "playchess.com"]
[Source "ChessBase"]
[SourceQuality "1"]
[TimeControl "40/5400+30:1800+30"]

1. d4 Nf6 2. Nf3 g6 3. Bf4 Bg7 4. Nc3 d5 5. e3 O-O 6. Bd3 b6 7. O-O Bb7 8. Re1 c5 9. b3 Nc6 10. Qd2 Ne4 11. Nxe4 dxe4 12. Bxe4 cxd4 13. exd4 f5 14. Bxc6 Bxc6 15. Rad1 Bxf3 16. gxf3 Qd7 17. Bh6 Rf6 18. Bxg7 Kxg7 19. Kh1 Rd8 20. Qb4 Rf7 21. Rg1 Qc6 22. Rd3 Qxc2 23. Qd2 Qxd2 24. Rxd2 Rd5 25. Re1 Kf6 26. f4 e6 27. Re5 Rfd7 28. Rxd5 Rxd5 29. Kg2 Rd7 30. Kf3 Rc7 31. h4 Rc3+ 32. Kg2 Ke7 33. f3 Kd6 34. Kf2 Kd5 35. Ke2 a5 36. Rd3 Rc2+ 37. Rd2 Rxd2+ 38. Kxd2 Kxd4 39. a4 h5 40. Kc2 Ke3 41. Kc3 Kxf3 42. Kc4 Kxf4 43. Kb5 Ke3 44. Kxb6 f4 0-1

[Event "CZE-ch Youth G10-G12-G14 2022"]
[Site "Luhacovice"]
[Date "2022.03.13"]
[Round "2.30"]
[White "Dudkova, Josefina"]
[Black "Cinkova, Vicky"]
[Result "1-0"]
[ECO "B22"]
[WhiteElo "1545"]
[BlackElo "1317"]
[Annotator "NA"]
[PlyCount "39"]
[EventDate "2022.03.12"]
[EventType "swiss"]
[EventCountry "CZE"]
[SourceTitle "playchess.com"]
[Source "ChessBase"]
[SourceQuality "1"]
[TimeControl "40/5400+30:1800+30"]

1. e4 c5 2. c3 Nf6 3. e5 Nd5 4. d4 cxd4 5. Nf3 e6 6. cxd4 b6 7. Bd3 Ba6 8. O-O Bxd3 9. Qxd3 Be7 10. Nc3 Nc7 11. Be3 O-O 12. d5 d6 13. Qe4 dxe5 14. dxe6 Nba6 15. exf7+ Rxf7 16. Nxe5 Rf6 17. Nc6 Qd6 18. Nxe7+ Kh8 19. Rad1 Qb4 20. Qxa8+ 1-0

[Event "CZE-ch Youth G10-G12-G14 2022"]
[Site "Luhacovice"]
[Date "2022.03.13"]
[Round "2.31"]
[White "Dobsa, Emma"]
[Black "Kaplanova, Dominika"]
[Result "1-0"]
[ECO "B18"]
[WhiteElo "1425"]
[BlackElo "1269"]
[Annotator "NA"]
[PlyCount "73"]
[EventDate "2022.03.12"]
[EventType "swiss"]
[EventCountry "CZE"]
[SourceTitle "playchess.com"]
[Source "ChessBase"]
[SourceQuality "1"]
[TimeControl "40/5400+30:1800+30"]

1. e4 c6 2. d4 d5 3. Nc3 dxe4 4. Nxe4 Bf5 5. Ng3 Bg6 6. Nh3 e6 7. Nf4 c5 8. Be3 cxd4 9. Bxd4 Nc6 10. Bc3 Qxd1+ 11. Rxd1 Bxc2 12. Rc1 Bg6 13. h4 Bd6 14. Nxg6 hxg6 15. Bxg7 Rh7 16. Bc3 Be7 17. h5 Rc8 18. hxg6 Rxh1 19. gxf7+ Kxf7 20. Nxh1 Nb4 21. a4 Rc6 22. Bd2 Rxc1+ 23. Bxc1 Nf6 24. Ng3 Nfd5 25. Bd2 Nb6 26. b3 Nc2+ 27. Kd1 Nd4 28. Bc4 Nxc4 29. bxc4 Nb3 30. Ne4 b6 31. Bc3 Nc5 32. Nxc5 Bxc5 33. Ke2 Kg6 34. f4 Bd6 35. Kf3 Kf5 36. g4+ Kg6 37. Ke4 1-0

[Event "CZE-ch Youth G10-G12-G14 2022"]
[Site "Luhacovice"]
[Date "2022.03.13"]
[Round "2.33"]
[White "Hetfleischova, Elen"]
[Black "Filipova, Vanesa"]
[Result "1/2-1/2"]
[ECO "C01"]
[WhiteElo "1363"]
[BlackElo "1146"]
[Annotator "NA"]
[PlyCount "102"]
[EventDate "2022.03.12"]
[EventType "swiss"]
[EventCountry "CZE"]
[SourceTitle "playchess.com"]
[Source "ChessBase"]
[SourceQuality "1"]
[TimeControl "40/5400+30:1800+30"]

1. e4 e6 2. d4 d5 3. exd5 exd5 4. Nc3 Nf6 5. Nf3 Bd6 6. Bg5 Nbd7 7. Nxd5 c6 8. Qe2+ Be7 9. Nxe7 Qxe7 10. O-O-O Qxe2 11. Bxe2 O-O 12. h3 Re8 13. Ne5 Nxe5 14. dxe5 Ne4 15. Be3 Bf5 16. g4 Bg6 17. h4 h6 18. h5 Bh7 19. Rhg1 Rxe5 20. f4 Ra5 21. g5 hxg5 22. fxg5 Bf5 23. h6 g6 24. h7+ Kxh7 25. Rh1+ Kg7 26. Bd4+ f6 27. gxf6+ Nxf6 28. Rh4 Rxa2 29. Kb1 Ra5 30. Rdh1 Kf7 31. Bc4+ Be6 32. Rh7+ Nxh7 33. Rxh7+ Kg8 34. Rh8+ Kf7 35. Bxe6+ Kxe6 36. Rxa8 a6 37. Re8+ Kf5 38. c4 g5 39. b3 Kf4 40. Be3+ Kf3 41. c5 Rb5 42. Kc2 g4 43. Kd3 Ra5 44. Kc2 Rb5 45. Kc3 Ra5 46. Bd4 g3 47. Rf8+ Kg4 48. Rg8+ Kf3 49. Rf8+ Kg4 50. Rg8+ Kf3 51. Rf8+ Kg4 1/2-1/2

[Event "CZE-ch Youth G10-G12-G14 2022"]
[Site "Luhacovice"]
[Date "2022.03.13"]
[Round "2.34"]
[White "Foldynova Julie"]
[Black "Barteckova, Denisa"]
[Result "0-1"]
[ECO "B02"]
[WhiteElo "1000"]
[BlackElo "1323"]
[Annotator "NA"]
[PlyCount "48"]
[EventDate "2022.03.12"]
[EventType "swiss"]
[EventCountry "CZE"]
[SourceTitle "playchess.com"]
[Source "ChessBase"]
[SourceQuality "1"]
[TimeControl "40/5400+30:1800+30"]

1. e4 d5 2. exd5 Nf6 3. Nf3 Nxd5 4. Nc3 Bg4 5. Be2 Nf4 6. O-O Nxe2+ 7. Qxe2 Nc6 8. Qe4 f5 9. Qf4 h6 10. d3 g5 11. Qe3 Qd7 12. Ne5 Qd4 13. Nb5 Qxe5 14. Qxe5 Nxe5 15. Nxc7+ Kd7 16. Nxa8 Bg7 17. d4 Nc6 18. f3 Bh5 19. Be3 Rxa8 20. c4 Bxd4 21. Bxd4 Nxd4 22. Rad1 e5 23. b4 b6 24. h3 Bf7 0-1

[Event "CZE-ch Youth G10-G12-G14 2022"]
[Site "Luhacovice"]
[Date "2022.03.13"]
[Round "2.35"]
[White "Veverkova, Dorota"]
[Black "Vacekova Anita"]
[Result "1-0"]
[ECO "C56"]
[WhiteElo "1320"]
[BlackElo "1000"]
[Annotator "NA"]
[PlyCount "115"]
[EventDate "2022.03.12"]
[EventType "swiss"]
[EventCountry "CZE"]
[SourceTitle "playchess.com"]
[Source "ChessBase"]
[SourceQuality "1"]
[TimeControl "40/5400+30:1800+30"]

1. e4 e5 2. Nf3 Nc6 3. d4 exd4 4. Bc4 Nf6 5. e5 d5 6. Bb5 Ne4 7. Nxd4 Bd7 8. Bxc6 bxc6 9. O-O Bc5 10. Be3 Bb6 11. Nc3 c5 12. Nb3 Nxc3 13. bxc3 c4 14. Nd4 c5 15. Ne2 Bc6 16. f4 Qh4 17. Ng3 g6 18. Qf3 Rc8 19. Qf2 Bd7 20. Rad1 Be6 21. f5 gxf5 22. Nxf5 Qxf2+ 23. Rxf2 Bxf5 24. Rxf5 Ke7 25. Rf6 d4 26. cxd4 cxd4 27. Bxd4 Rhd8 28. c3 Bxd4+ 29. Rxd4 Rxd4 30. cxd4 c3 31. Rf1 c2 32. Rc1 Ke6 33. Kf2 Kd5 34. Ke3 Rc3+ 35. Kd2 Kxd4 36. Rxc2 Rxc2+ 37. Kxc2 Kxe5 38. Kd3 Kd5 39. g3 h5 40. a4 Kc5 41. h4 f5 42. Ke3 a5 43. Kf4 Kb4 44. Kxf5 Kxa4 45. g4 hxg4 46. Kxg4 Kb3 47. h5 a4 48. h6 a3 49. h7 Ka2 50. h8=Q Kb1 51. Qh1+ Kb2 52. Qg2+ Kb1 53. Qf1+ Kb2 54. Qe2+ Kb1 55. Qd3+ Kb2 56. Qd4+ Kc2 57. Qa4+ Kb2 58. Qb4+ 1-0

[Event "CZE-ch Youth G10-G12-G14 2022"]
[Site "Luhacovice"]
[Date "2022.03.13"]
[Round "2.36"]
[White "Janouskova, Adela"]
[Black "Zadrapova, Amalie"]
[Result "0-1"]
[ECO "B20"]
[WhiteElo "1585"]
[BlackElo "1582"]
[Annotator "NA"]
[PlyCount "86"]
[EventDate "2022.03.12"]
[EventType "swiss"]
[EventCountry "CZE"]
[SourceTitle "playchess.com"]
[Source "ChessBase"]
[SourceQuality "1"]
[TimeControl "40/5400+30:1800+30"]

1. e4 c5 2. b4 cxb4 3. a3 d5 4. exd5 Qxd5 5. Nf3 e5 6. axb4 Bxb4 7. c3 Bd6 8. Na3 Bd7 9. Nc4 Bc7 10. Ne3 Qe6 11. Bc4 Qf6 12. Nd5 Qd8 13. Ba3 Bc6 14. Nxc7+ Qxc7 15. Qb3 h6 16. O-O Bxf3 17. gxf3 Nc6 18. d4 O-O-O 19. Bxf7 exd4 20. Rfc1 d3 21. Be6+ Kb8 22. Bc5 Nf6 23. Be3 Rhe8 24. Bh3 Nd5 25. Bd2 Nf4 26. Bxf4 Qxf4 27. Rab1 Qc7 28. Rd1 Na5 29. Qb4 Nc6 30. Qb5 Ne5 31. Bg4 Nxg4 32. fxg4 d2 33. Qb2 Re2 34. Kf1 Re1+ 35. Rxe1 dxe1=Q+ 36. Kxe1 Re8+ 37. Kf1 Qc4+ 38. Kg2 Qxg4+ 39. Kh1 Qf3+ 40. Kg1 Re2 41. Qxe2 Qxe2 42. Kg2 Qe4+ 43. Kg3 Qxb1 0-1

[Event "CZE-ch Youth G10-G12-G14 2022"]
[Site "Luhacovice"]
[Date "2022.03.13"]
[Round "2.37"]
[White "Sikorova, Jana"]
[Black "Dorazilova, Kristyna"]
[Result "1-0"]
[ECO "D58"]
[WhiteElo "1427"]
[BlackElo "1240"]
[Annotator "NA"]
[PlyCount "131"]
[EventDate "2022.03.12"]
[EventType "swiss"]
[EventCountry "CZE"]
[SourceTitle "playchess.com"]
[Source "ChessBase"]
[SourceQuality "1"]
[TimeControl "40/5400+30:1800+30"]

1. d4 Nf6 2. Nf3 e6 3. c4 b6 4. Bg5 Be7 5. Nc3 Bb7 6. e3 O-O 7. Bd3 d5 8. O-O Nbd7 9. Qe2 c5 10. Rac1 Rc8 11. Rfd1 h6 12. Bh4 Re8 13. e4 cxd4 14. Nxd4 dxe4 15. Nxe4 Nxe4 16. Bxe7 Qxe7 17. Bxe4 Bxe4 18. Qxe4 Nf6 19. Qf3 Qc5 20. Nb5 Re7 21. Rd2 a6 22. Nd6 Rf8 23. b3 Qc7 24. Rcd1 Rb8 25. h3 Qc5 26. Ne4 Nxe4 27. Qxe4 Qc7 28. Rd6 g6 29. Kf1 Kh7 30. Qc6 h5 31. Ke2 Kg7 32. Ke3 Kh7 33. Qxc7 Rxc7 34. Rd7 Rbb7 35. Rxc7 Rxc7 36. Rd6 Rb7 37. Kd4 a5 38. Kc3 Kg7 39. b4 a4 40. b5 e5 41. Kb4 e4 42. Kxa4 f5 43. c5 bxc5 44. b6 Rb8 45. Kb5 c4 46. Kxc4 Rc8+ 47. Kb5 Rc2 48. b7 Rxf2 49. Kc5 Rc2+ 50. Kd4 Rb2 51. Rd7+ Kf6 52. a4 Rd2+ 53. Ke3 Rxd7 54. b8=Q Rd3+ 55. Ke2 f4 56. Qf8+ Ke5 57. Qc5+ Rd5 58. Qc3+ Ke6 59. Qc6+ Ke5 60. Qxg6 e3 61. Qxh5+ Ke4 62. Qxd5+ Kxd5 63. h4 Ke5 64. a5 Kf5 65. a6 Kg4 66. a7 1-0

[Event "CZE-ch Youth G10-G12-G14 2022"]
[Site "Luhacovice"]
[Date "2022.03.13"]
[Round "2.38"]
[White "Kavanova, Anezka"]
[Black "Koval, Anna"]
[Result "1-0"]
[ECO "C29"]
[WhiteElo "1089"]
[BlackElo "1278"]
[Annotator "NA"]
[PlyCount "79"]
[EventDate "2022.03.12"]
[EventType "swiss"]
[EventCountry "CZE"]
[SourceTitle "playchess.com"]
[Source "ChessBase"]
[SourceQuality "1"]
[TimeControl "40/5400+30:1800+30"]

1. e4 e5 2. Nc3 Nf6 3. f4 exf4 4. e5 Ng8 5. Nf3 d5 6. d4 Bg4 7. Be2 f6 8. Bxf4 Nc6 9. h3 Bxf3 10. Bxf3 fxe5 11. Bxe5 Nxe5 12. dxe5 d4 13. Bxb7 Qh4+ 14. Kf1 Qf4+ 15. Qf3 Qxf3+ 16. gxf3 Rb8 17. Bc6+ Kd8 18. Na4 Ne7 19. Be4 g6 20. Rb1 Nf5 21. Bxf5 gxf5 22. Rd1 c5 23. c3 Kc7 24. cxd4 Rd8 25. d5 Rg8 26. Rg1 Rxg1+ 27. Kxg1 c4 28. Rd4 Kb8 29. d6 Bg7 30. f4 a5 31. Kf2 Kc8 32. Rxc4+ Kd7 33. Rc7+ Ke6 34. Rxg7 h5 35. Nb6 Re8 36. Re7+ Rxe7 37. dxe7 Kxe7 38. Ke3 Ke6 39. Kd4 Ke7 40. Kd5 1-0

[Event "CZE-ch Youth G10-G12-G14 2022"]
[Site "Luhacovice"]
[Date "2022.03.13"]
[Round "2.39"]
[White "Svrchokrylova, Ludmila"]
[Black "Brezikova, Beata"]
[Result "0-1"]
[ECO "C55"]
[WhiteElo "1024"]
[BlackElo "1266"]
[Annotator "NA"]
[PlyCount "112"]
[EventDate "2022.03.12"]
[EventType "swiss"]
[EventCountry "CZE"]
[SourceTitle "playchess.com"]
[Source "ChessBase"]
[SourceQuality "1"]
[TimeControl "40/5400+30:1800+30"]

1. e4 e5 2. Nf3 Nc6 3. Bc4 Nf6 4. Nc3 Nxe4 5. Nxe4 d5 6. Bxd5 Qxd5 7. Nc3 Qd8 8. d3 Be7 9. Be3 Bf6 10. Qd2 Nd4 11. Bxd4 exd4 12. Ne4 Be7 13. O-O O-O 14. Rfe1 c5 15. c3 dxc3 16. bxc3 b6 17. Rad1 Bb7 18. d4 cxd4 19. cxd4 Bf6 20. d5 Re8 21. Qd3 Rc8 22. d6 Bxe4 23. Rxe4 Rxe4 24. Qxe4 Qd7 25. Ne5 Qe6 26. f4 Re8 27. d7 Rd8 28. Qd5 Bxe5 29. fxe5 Qxd5 30. Rxd5 Kf8 31. Kf2 Ke7 32. Ke3 Rxd7 33. Rxd7+ Kxd7 34. Kd4 Kc6 35. Kc4 a5 36. a4 g6 37. h4 h5 38. g3 Kc7 39. Kd5 Kd7 40. Kd4 Kc6 41. Kc4 Kc7 42. Kd4 b5 43. axb5 Kb6 44. Kc4 a4 45. Kb4 a3 46. Kxa3 Kxb5 47. Kb3 Kc5 48. Kc3 Kd5 49. Kd3 Kxe5 50. Ke3 Kf5 51. Kf3 f6 52. Kf2 Kg4 53. Kg2 f5 54. Kf2 f4 55. gxf4 Kxf4 56. Kg2 Kg4 0-1

[Event "CZE-ch Youth G10-G12-G14 2022"]
[Site "Luhacovice"]
[Date "2022.03.13"]
[Round "2.40"]
[White "Dominikova, Denisa"]
[Black "Dufkova, Tereza"]
[Result "1-0"]
[ECO "C65"]
[WhiteElo "1254"]
[BlackElo "1014"]
[Annotator "NA"]
[PlyCount "81"]
[EventDate "2022.03.12"]
[EventType "swiss"]
[EventCountry "CZE"]
[SourceTitle "playchess.com"]
[Source "ChessBase"]
[SourceQuality "1"]
[TimeControl "40/5400+30:1800+30"]

1. e4 e5 2. Nf3 Nc6 3. Bb5 Nf6 4. O-O Bc5 5. Re1 O-O 6. c3 d6 7. d4 exd4 8. cxd4 Bb4 9. Bd2 Bxd2 10. Nbxd2 a6 11. Ba4 Re8 12. d5 b5 13. dxc6 bxa4 14. Qxa4 Rb8 15. b3 Rb5 16. Rac1 Nh5 17. b4 Nf4 18. Re3 Qf6 19. Qa3 Qg6 20. g3 Nh3+ 21. Kf1 Ng5 22. Nxg5 Qxg5 23. h4 Bh3+ 24. Ke1 Qg4 25. Qxa6 Rxb4 26. Qa5 Rb2 27. Qxc7 f5 28. Qd7 Kf8 29. c7 fxe4 30. Qxd6+ Kf7 31. Qd5+ Kg6 32. Rxe4 Rxe4+ 33. Qxe4+ Qxe4+ 34. Nxe4 Rxa2 35. c8=Q Bxc8 36. Rxc8 Ra1+ 37. Ke2 Ra2+ 38. Kf3 Kf5 39. g4+ Ke5 40. Re8+ Kd5 41. Nc3+ 1-0

[Event "CZE-ch Youth G10-G12-G14 2022"]
[Site "Luhacovice"]
[Date "2022.03.13"]
[Round "2.41"]
[White "Lipovska Viktorie"]
[Black "Stavova, Marketa"]
[Result "0-1"]
[ECO "C50"]
[WhiteElo "1189"]
[BlackElo "1146"]
[Annotator "NA"]
[PlyCount "49"]
[EventDate "2022.03.12"]
[EventType "swiss"]
[EventCountry "CZE"]
[SourceTitle "playchess.com"]
[Source "ChessBase"]
[SourceQuality "1"]
[TimeControl "40/5400+30:1800+30"]

1. e4 e5 2. Nf3 Nc6 3. Bc4 Nf6 4. d3 h6 5. Nc3 Bc5 6. O-O O-O 7. Be3 Bb6 8. Qd2 d6 9. h3 Be6 10. Bb3 Nd4 11. Nxd4 exd4 12. Nd5 dxe3 13. Nxf6+ Qxf6 14. fxe3 Qg5 15. d4 c6 16. c4 Bxh3 17. Rf3 Bd7 18. Raf1 Rae8 19. c5 Bc7 20. Bxf7+ Kh8 21. Qd3 Rd8 22. e5 dxe5 23. Qe4 exd4 24. Qxd4 Bh3 25. Qc3 0-1

[Event "CZE-ch Youth G10-G12-G14 2022"]
[Site "Luhacovice"]
[Date "2022.03.13"]
[Round "2.42"]
[White "Zilava Lucie"]
[Black "Archlebova, Stela"]
[Result "0-1"]
[ECO "C45"]
[WhiteElo "1059"]
[BlackElo "1121"]
[Annotator "NA"]
[PlyCount "121"]
[EventDate "2022.03.12"]
[EventType "swiss"]
[EventCountry "CZE"]
[SourceTitle "playchess.com"]
[Source "ChessBase"]
[SourceQuality "1"]
[TimeControl "40/5400+30:1800+30"]

1. e4 e5 2. Nf3 Nc6 3. d4 exd4 4. Nxd4 Bc5 5. Be3 Qf6 6. c3 Bb6 7. Bb5 Nge7 8. Na3 O-O 9. Qd2 Re8 10. O-O-O a6 11. Ba4 Bxd4 12. Bxd4 Qg6 13. Bc2 Qe6 14. Kb1 Nxd4 15. Qxd4 Nc6 16. Qe3 b5 17. Qf3 Rb8 18. Bb3 Qxe4+ 19. Qxe4 Rxe4 20. Rhe1 Rxe1 21. Rxe1 Bb7 22. Nc2 Na5 23. g3 Nxb3 24. axb3 Bd5 25. b4 Be6 26. Nd4 Re8 27. Kc1 h6 28. f4 Kf8 29. f5 Bd5 30. Rxe8+ Kxe8 31. h4 Ke7 32. Kd2 Kf6 33. Ke3 d6 34. Kf4 c5 35. Nc2 g5+ 36. hxg5+ hxg5+ 37. Kg4 Be4 38. Ne3 cxb4 39. cxb4 d5 40. Kh5 Bf3+ 41. g4 d4 42. Nf1 Ke5 43. Kxg5 f6+ 44. Kg6 Bxg4 45. Nd2 Bxf5+ 46. Kh5 Be6 47. Kh4 d3 48. Kg3 Kd4 49. Kf2 Bd5 50. Nf1 f5 51. Nd2 Be4 52. Nf1 Kc4 53. Nd2+ Kxb4 54. Ke3 Kc5 55. Nb3+ Kc4 56. Nd2+ Kd5 57. Nxe4 fxe4 58. b3 b4 59. Kd2 Kd4 60. Kd1 Kc3 61. Kc1 0-1

[Event "CZE-ch Youth G10-G12-G14 2022"]
[Site "Luhacovice"]
[Date "2022.03.14"]
[Round "3.1"]
[White "Vancakova, Veronika"]
[Black "Hujova Tess"]
[Result "1-0"]
[ECO "D20"]
[WhiteElo "1300"]
[BlackElo "1000"]
[Annotator "NA"]
[PlyCount "52"]
[EventDate "2022.03.12"]
[EventType "swiss"]
[EventCountry "CZE"]
[SourceTitle "playchess.com"]
[Source "ChessBase"]
[SourceQuality "1"]
[TimeControl "40/5400+30:1800+30"]

1. d4 d5 2. c4 dxc4 3. e3 Nf6 4. Bxc4 g6 5. Qb3 e6 6. Nc3 Bg7 7. Nf3 O-O 8. O-O b6 9. e4 Bb7 10. Re1 Qd7 11. Bg5 h6 12. Bh4 Nh7 13. Rad1 a6 14. a4 g5 15. Bg3 Nf6 16. Ne5 Qe7 17. d5 exd5 18. exd5 Qd8 19. d6 cxd6 20. Nxf7 Rxf7 21. Bxf7+ Kh8 22. Bxd6 Qc8 23. f3 g4 24. fxg4 Nxg4 25. Re8+ Bf8 26. Rxf8+ Kg7 1-0

[Event "CZE-ch Youth G10-G12-G14 2022"]
[Site "Luhacovice"]
[Date "2022.03.14"]
[Round "3.2"]
[White "Janouskova, Eliska"]
[Black "Lackova, Lucie"]
[Result "1-0"]
[ECO "C49"]
[WhiteElo "1167"]
[BlackElo "1142"]
[Annotator "NA"]
[PlyCount "79"]
[EventDate "2022.03.12"]
[EventType "swiss"]
[EventCountry "CZE"]
[SourceTitle "playchess.com"]
[Source "ChessBase"]
[SourceQuality "1"]
[TimeControl "40/5400+30:1800+30"]

1. e4 e5 2. Nf3 Nc6 3. Nc3 Nf6 4. Bb5 Bb4 5. O-O d6 6. Nd5 Bc5 7. d4 Bb6 8. Nxf6+ Qxf6 9. d5 a6 10. Ba4 Qg6 11. dxc6 O-O 12. Qd3 bxc6 13. Bxc6 Rb8 14. Bd2 Bc5 15. b3 Rb6 16. Bd5 c6 17. Bc4 Bd4 18. c3 d5 19. exd5 Bf5 20. Qe2 cxd5 21. Bxd5 Bd3 22. Qe1 Bxf1 23. Qxf1 Qd6 24. Be4 f5 25. Bc2 Bxc3 26. Bxc3 Rc8 27. Bxe5 Qg6 28. Qd3 Rbc6 29. Bd1 Rc5 30. h3 Rf8 31. Qd6 Rc6 32. Qd5+ Kh8 33. Be2 Rcc8 34. Rd1 Qb6 35. Qd7 Rg8 36. Ng5 h6 37. Nf7+ Kh7 38. Bd3 Rcf8 39. Bxf5+ g6 40. Ng5# 1-0

[Event "CZE-ch Youth G10-G12-G14 2022"]
[Site "Luhacovice"]
[Date "2022.03.14"]
[Round "3.3"]
[White "Romanko Diana"]
[Black "Jenikova Sabina"]
[Result "1-0"]
[ECO "C50"]
[WhiteElo "1000"]
[BlackElo "1076"]
[Annotator "NA"]
[PlyCount "77"]
[EventDate "2022.03.12"]
[EventType "swiss"]
[EventCountry "CZE"]
[SourceTitle "playchess.com"]
[Source "ChessBase"]
[SourceQuality "1"]
[TimeControl "40/5400+30:1800+30"]

1. e4 e5 2. Nf3 Nc6 3. Bc4 d6 4. c3 Bg4 5. d4 Bxf3 6. Qxf3 Nf6 7. Be3 Be7 8. Nd2 O-O 9. O-O-O g6 10. h4 Nh5 11. g4 Ng7 12. h5 Bg5 13. hxg6 hxg6 14. Qh3 Bh4 15. Qxh4 Qxh4 16. Rxh4 Rfe8 17. f4 Ne6 18. d5 exf4 19. dxe6 fxe6 20. Bxf4 Kg7 21. Bh6+ Kf6 22. Rf1+ Ke7 23. Bg5+ Kd7 24. Rf7+ Ne7 25. Rhh7 d5 26. Rxe7+ Rxe7 27. Rxe7+ Kd6 28. exd5 exd5 29. Bd3 Rh8 30. Rg7 Rh1+ 31. Kc2 c6 32. Rxg6+ Kc7 33. Bf4+ Kb6 34. b4 a5 35. bxa5+ Kxa5 36. Bc7+ Ka4 37. Rf6 Ka3 38. Rf4 Kxa2 39. Ra4# 1-0